PA
GWINNETT COUNTY BLACK CATS @ HOGSMEADE CAULDRONS
07/30/2029
 
TOP OF THE 1ST
Gwinnett County Black Cats batting - Pitching for Hogsmeade Cauldrons : RHP Harrison Dunning
Pitching: RHP Harrison Dunning
Batting: RHB Sidney Mackell 0-0: Ball
1-0: Ball
2-0: Swinging Strike
2-1: Foul Ball, location: 2F
2-2: Ball
3-2: Base on Balls
Batting: RHB Chang-lit Min 0-0: Ball
1-0: Called Strike
1-1: Swinging Strike
1-2: Strikes out swinging
Batting: LHB Víctor Sánchez 0-0: Foul Ball, location: 2F
0-1: Ball
1-1: SINGLE (Flyball, 89M)
Sidney Mackell to second
Runner from 2nd tries for 3rd, SAFE, no throw
Batting: RHB Manuel Barrios 0-0: Swinging Strike
0-1: Foul Ball, location: 2F
0-2: SINGLE (Groundball, 4MD)
Sidney Mackell scores
Víctor Sánchez to second
Runner from 2nd tries for 3rd, SAFE, no throw
Batting: RHB Bill Wilson 0-0: Ball
1-0: Foul Ball, location: 2F
1-1: DOUBLE (Line Drive, 7D)
Víctor Sánchez scores
Manuel Barrios to third
Batting: RHB Kauna Aleferede 0-0: Foul Ball, location: 2F
0-1: Ball
1-1: Ball
2-1: Called Strike
2-2: Ground out 6-3 (Groundball, 6M)
Manuel Barrios scores
Bill Wilson to third
Batting: LHB Marvello Obra 0-0: Called Strike
0-1: Ball
1-1: Ball
2-1: Foul Ball, location: 2F
2-2: Strikes out looking
Top of the 1st over - 3 runs, 3 hits, 0 errors, 1 left on base; Gwinnett County 3 - Hogsmeade 0
BOTTOM OF THE 1ST
Hogsmeade Cauldrons batting - Pitching for Gwinnett County Black Cats : LHP Efren Rasonable
Pitching: LHP Efren Rasonable
Batting: RHB César Ramos 0-0: Called Strike
0-1: Ball
1-1: Ball
2-1: Ball
3-1: Foul Ball, location: 2F
3-2: DOUBLE (Line Drive, 7LM)
Batting: RHB Panas Pletnev 0-0: Ball
1-0: Ball
2-0: Fly out, F7 (Flyball, 7LD)
Batting: RHB Damon Newbold 0-0: Swinging Strike
0-1: Called Strike
0-2: Strikes out swinging
Batting: RHB Luis Manuel Flores 0-0: Ball
1-0: Foul Ball, location: 2F
1-1: Ball
2-1: Foul Ball, location: 2F
2-2: Foul Ball, location: 2F
2-2: Ball
3-2: Strikes out looking
Bottom of the 1st over - 0 runs, 1 hit, 0 errors, 1 left on base; Gwinnett County 3 - Hogsmeade 0
TOP OF THE 2ND
Gwinnett County Black Cats batting - Pitching for Hogsmeade Cauldrons : RHP Harrison Dunning
Batting: RHB Elder Sarrano 0-0: Foul Ball, location: 2F
0-1: Ball
1-1: Foul Ball, location: 2F
1-2: Strikes out looking
Batting: RHB José García 0-0: Ball
1-0: Ground out U3 (Groundball, 34S)
Batting: RHB Sidney Mackell 0-0: Called Strike
0-1: Ball
1-1: Ground out 5-3 (Groundball, 56S)
Top of the 2nd over - 0 runs, 0 hits, 0 errors, 0 left on base; Gwinnett County 3 - Hogsmeade 0
BOTTOM OF THE 2ND
Hogsmeade Cauldrons batting - Pitching for Gwinnett County Black Cats : LHP Efren Rasonable
Batting: RHB Bob Petiet 0-0: Foul Ball, location: 2F
0-1: Foul Ball, location: 2F
0-2: Strikes out looking
Batting: RHB Akke Derksen 0-0: Foul Ball, location: 2F
0-1: Ball
1-1: Called Strike
1-2: Ball
2-2: Ball
3-2: Ground out 4-3 (Groundball, 4)
Batting: RHB José Vargas 0-0: Ball
1-0: Swinging Strike
1-1: Swinging Strike
1-2: Strikes out swinging
Bottom of the 2nd over - 0 runs, 0 hits, 0 errors, 0 left on base; Gwinnett County 3 - Hogsmeade 0
TOP OF THE 3RD
Gwinnett County Black Cats batting - Pitching for Hogsmeade Cauldrons : RHP Harrison Dunning
Batting: RHB Chang-lit Min 0-0: Ground out 1-3 (Groundball, 13S)
Batting: LHB Víctor Sánchez 0-0: Swinging Strike
0-1: Ball
1-1: Ball
2-1: Ball
3-1: Base on Balls
Batting: RHB Manuel Barrios 0-0: Ball
1-0: Swinging Strike
1-1: Swinging Strike
1-2: Strikes out swinging
Batting: RHB Bill Wilson 0-0: Ball
1-0: Ball
2-0: Called Strike
2-1: Ball
3-1: Called Strike
3-2: Strikes out swinging
Top of the 3rd over - 0 runs, 0 hits, 0 errors, 1 left on base; Gwinnett County 3 - Hogsmeade 0
BOTTOM OF THE 3RD
Hogsmeade Cauldrons batting - Pitching for Gwinnett County Black Cats : LHP Efren Rasonable
Batting: RHB Lu Tsai 0-0: Called Strike
0-1: Swinging Strike
0-2: Reached on error, E3 (Groundball, 3)
Batting: RHB Manyara Akintola 0-0: Ball
1-0: Fly out, F7 (Flyball, 7LS)
Batting: RHB César Ramos 0-0: Foul Ball, location: 2F
0-1: Ball
1-1: Ball
2-1: Ball
3-1: Called Strike
3-2: Fly out, F9 (Flyball, 89D)
Batting: RHB Panas Pletnev 0-0: Fly out, F4 (Popup, 3)
Bottom of the 3rd over - 0 runs, 0 hits, 1 error, 1 left on base; Gwinnett County 3 - Hogsmeade 0
TOP OF THE 4TH
Gwinnett County Black Cats batting - Pitching for Hogsmeade Cauldrons : RHP Harrison Dunning
Batting: RHB Kauna Aleferede 0-0: Ball
1-0: Foul Ball, location: 2F
1-1: Ball
2-1: Foul Ball, location: 2F
2-2: Ball
3-2: Foul Ball, location: 2F
3-2: Ground out 6-3 (Groundball, 6)
Batting: LHB Marvello Obra 0-0: Ball
1-0: Foul Ball, location: 2F
1-1: SINGLE (Flyball, 7LS) - OUT at second base trying to stretch hit.
Batting: RHB Elder Sarrano 0-0: Called Strike
0-1: Foul Ball, location: 2F
0-2: Strikes out looking
Top of the 4th over - 0 runs, 1 hit, 0 errors, 0 left on base; Gwinnett County 3 - Hogsmeade 0
BOTTOM OF THE 4TH
Hogsmeade Cauldrons batting - Pitching for Gwinnett County Black Cats : LHP Efren Rasonable
Batting: RHB Damon Newbold 0-0: Ball
1-0: Swinging Strike
1-1: Ball
2-1: Foul Ball, location: 2F
2-2: Fly out, F7 (Flyball, 7S)
Batting: RHB Luis Manuel Flores 0-0: Foul Ball, location: 2F
0-1: Foul Ball, location: 2F
0-2: Ball
1-2: Ball
2-2: Strikes out looking
Batting: RHB Bob Petiet 0-0: Ground out 6-3 (Groundball, 6M)
Bottom of the 4th over - 0 runs, 0 hits, 0 errors, 0 left on base; Gwinnett County 3 - Hogsmeade 0
TOP OF THE 5TH
Gwinnett County Black Cats batting - Pitching for Hogsmeade Cauldrons : RHP Harrison Dunning
Batting: RHB José García 0-0: Swinging Strike
0-1: Swinging Strike
0-2: Ball
1-2: Strikes out swinging, 2-3 out at first.
Batting: RHB Sidney Mackell 0-0: Ball
1-0: Ball
2-0: Foul Ball, location: 2F
2-1: Ball
3-1: Called Strike
3-2: Foul Ball, location: 2F
3-2: Ground out 5-3 (Groundball, 56)
Batting: RHB Chang-lit Min 0-0: Ball
1-0: SINGLE (Groundball, 4D)
Batting: LHB Víctor Sánchez 0-0: Called Strike
0-1: Foul Ball, location: 2F
0-2: Ball
1-2: Strikes out swinging
Top of the 5th over - 0 runs, 1 hit, 0 errors, 1 left on base; Gwinnett County 3 - Hogsmeade 0
BOTTOM OF THE 5TH
Hogsmeade Cauldrons batting - Pitching for Gwinnett County Black Cats : LHP Efren Rasonable
Batting: RHB Akke Derksen 0-0: Ball
1-0: Called Strike
1-1: Fly out, F6 (Line Drive, 6M)
Batting: RHB José Vargas 0-0: Fly out, F5 (Popup, 6S)
Batting: RHB Lu Tsai 0-0: Ball
1-0: Ground out 4-3 (Groundball, 4)
Bottom of the 5th over - 0 runs, 0 hits, 0 errors, 0 left on base; Gwinnett County 3 - Hogsmeade 0
TOP OF THE 6TH
Gwinnett County Black Cats batting - Pitching for Hogsmeade Cauldrons : RHP Harrison Dunning
Batting: RHB Manuel Barrios 0-0: Foul Ball, location: 2F
0-1: DOUBLE (Flyball, 78XD)
Pinch Runner at 2nd Rikky van Opel:
Batting: RHB Bill Wilson 0-0: Ball
1-0: SINGLE (Groundball, 6MD)
Rikky van Opel to third
Runner from 3rd tries for Home, SAFE, no throw
Batting: RHB Kauna Aleferede 0-0: Sac Bunt - play at first, batter OUT! 5-3
Bill Wilson to second
Batting: LHB Marvello Obra 0-0: Intentional Walk
Batting: RHB Elder Sarrano 0-0: Ball
1-0: Ball
2-0: SINGLE (Flyball, 6MD)
Bill Wilson to third
Marvello Obra to second
Runner from 3rd tries for Home, SAFE, no throw
Pitching: RHP Henry Mitchell
Batting: RHB José García 0-0: Ball
1-0: Ball
2-0: Fielders Choice at 2nd, 3-6 (Groundball, 34)
Marvello Obra to third
Batting: RHB Sidney Mackell 0-0: Called Strike
0-1: Ball
1-1: Foul Ball, location: 2F
1-2: Foul Ball, location: 2F
1-2: Ball
2-2: Fielders Choice at 2nd, 5-4 (Groundball, 56)
Top of the 6th over - 2 runs, 3 hits, 0 errors, 2 left on base; Gwinnett County 5 - Hogsmeade 0
BOTTOM OF THE 6TH
Hogsmeade Cauldrons batting - Pitching for Gwinnett County Black Cats : LHP Efren Rasonable
Now at C: Rikky van Opel
Batting: RHB Manyara Akintola 0-0: Foul Ball, location: 2F
0-1: Called Strike
0-2: Fly out, F9 (Flyball, 9S)
Batting: RHB César Ramos 0-0: Ball
1-0: Called Strike
1-1: Foul Ball, location: 2F
1-2: Ground out 1-3 (Groundball, P)
Batting: RHB Panas Pletnev 0-0: Called Strike
0-1: Swinging Strike
0-2: Ball
1-2: Fly out, F4 (Line Drive, 4)
Bottom of the 6th over - 0 runs, 0 hits, 0 errors, 0 left on base; Gwinnett County 5 - Hogsmeade 0
TOP OF THE 7TH
Gwinnett County Black Cats batting - Pitching for Hogsmeade Cauldrons : RHP Henry Mitchell
Batting: RHB Chang-lit Min 0-0: Foul Ball, location: 2F
0-1: Ball
1-1: Ball
2-1: DOUBLE (Line Drive, 78D)
Batting: LHB Víctor Sánchez 0-0: Called Strike
0-1: Ball
1-1: Ball
2-1: Foul Ball, location: 2F
2-2: Foul Ball, location: 2F
2-2: Ball
3-2: Foul Ball, location: 2F
3-2: Ground out U3 (Groundball, 3L)
Chang-lit Min to third
Batting: RHB Rikky van Opel 0-0: Ball
1-0: Swinging Strike
1-1: Called Strike
1-2: Ball
2-2: SINGLE (Flyball, 78S)
Chang-lit Min scores
Batting: RHB Bill Wilson 0-0: Ball
1-0: Called Strike
1-1: Grounds into double play, 6-4-3 (Groundball, 6)
Top of the 7th over - 1 run, 2 hits, 0 errors, 0 left on base; Gwinnett County 6 - Hogsmeade 0
BOTTOM OF THE 7TH
Hogsmeade Cauldrons batting - Pitching for Gwinnett County Black Cats : LHP Efren Rasonable
Batting: RHB Damon Newbold 0-0: Foul Ball, location: 2F
0-1: SINGLE (Line Drive, 34)
Batting: RHB Luis Manuel Flores 0-0: Swinging Strike
0-1: Swinging Strike
0-2: Ball
1-2: Strikes out swinging
Damon Newbold steals 2nd base
Batter strikes out.
Batting: RHB Bob Petiet 0-0: Ball
1-0: Foul Ball, location: 2F
1-1: Swinging Strike
1-2: Ground out 5-3 (Groundball, 25)
Damon Newbold to third
Batting: RHB Akke Derksen 0-0: Called Strike
0-1: Ball
1-1: Ball
2-1: Swinging Strike
2-2: Ball
3-2: Base on Balls
Batting: RHB José Vargas 0-0: Ball
1-0: Foul Ball, location: 2F
1-1: Ball
2-1: Foul Ball, location: 2F
2-2: Ball
3-2: Ground out 1-3 (Groundball, 13S)
Bottom of the 7th over - 0 runs, 1 hit, 0 errors, 2 left on base; Gwinnett County 6 - Hogsmeade 0
TOP OF THE 8TH
Gwinnett County Black Cats batting - Pitching for Hogsmeade Cauldrons : RHP Henry Mitchell
Batting: RHB Kauna Aleferede 0-0: Ball
1-0: SINGLE (Line Drive, 89M)
Batting: LHB Marvello Obra 0-0: Called Strike
0-1: Foul Ball, location: 2F
0-2: Strikes out swinging
Batting: RHB Elder Sarrano 0-0: Called Strike
0-1: Swinging Strike
0-2: Ball
1-2: Strikes out swinging
Batting: RHB José García 0-0: Ball
1-0: Called Strike
Kauna Aleferede is caught stealing 2nd base
Top of the 8th over - 0 runs, 1 hit, 0 errors, 0 left on base; Gwinnett County 6 - Hogsmeade 0
BOTTOM OF THE 8TH
Hogsmeade Cauldrons batting - Pitching for Gwinnett County Black Cats : LHP Efren Rasonable
Pitching: RHP Mike Huffman
Batting: RHB Lu Tsai 0-0: Called Strike
0-1: Foul Ball, location: 2F
0-2: Ball
1-2: Fly out, F7 (Line Drive, 7)
Batting: RHB Manyara Akintola 0-0: SINGLE (Flyball, 9S)
Batting: RHB César Ramos 0-0: Swinging Strike
0-1: Swinging Strike
0-2: Ball
1-2: Ball
2-2: Grounds into double play, 6-4-3 (Groundball, 6)
Bottom of the 8th over - 0 runs, 1 hit, 0 errors, 0 left on base; Gwinnett County 6 - Hogsmeade 0
TOP OF THE 9TH
Gwinnett County Black Cats batting - Pitching for Hogsmeade Cauldrons : RHP Henry Mitchell
Batting: RHB José García 0-0: Ball
1-0: Called Strike
1-1: SINGLE (Line Drive, 4M)
Batting: RHB Sidney Mackell 0-0: Foul Ball, location: 2F
0-1: Grounds into double play, 6-4-3 (Groundball, 6)
Batting: RHB Chang-lit Min 0-0: Swinging Strike
0-1: Foul Ball, location: 2F
0-2: Ball
1-2: Ball
2-2: Strikes out swinging
Top of the 9th over - 0 runs, 1 hit, 0 errors, 0 left on base; Gwinnett County 6 - Hogsmeade 0
BOTTOM OF THE 9TH
Hogsmeade Cauldrons batting - Pitching for Gwinnett County Black Cats : RHP Mike Huffman
Batting: RHB Panas Pletnev 0-0: Ball
1-0: Swinging Strike
1-1: Foul Ball, location: 2F
1-2: Ball
2-2: Ball
3-2: Base on Balls
Batting: RHB Damon Newbold 0-0: Ball
1-0: Swinging Strike
1-1: Foul Ball, location: 2F
1-2: Strikes out swinging
Batting: RHB Luis Manuel Flores 0-0: Ball
1-0: Ball
2-0: Called Strike
2-1: Grounds into double play, 6-4-3 (Groundball, 6)
Bottom of the 9th over - 0 runs, 0 hits, 0 errors, 0 left on base; Gwinnett County 6 - Hogsmeade 0
Tuesday, December 19th, 2017 - OOTP Baseball 18.8 Build 76